 Dungeon Crawl Stone Soup version 0.31-a0-986-g5e6e4ef867 (webtiles) character file.

Game seed: 15019851650339838718

1319 melmu the Scratcher (level 8, -7/37 HPs)
             Began as a Felid Chaos Knight on Nov 16, 2023.
             Was an Initiate of Gozag.
             Mangled by a gnoll sergeant
             ... wielding a +6 trident of venom
              (16 damage)
             ... on level 5 of the Dungeon on Nov 17, 2023.
             The game lasted 00:07:04 (6265 turns).

melmu the Scratcher (Felid Chaos Knight)            Turns: 6265, Time: 00:07:04

Health: -7/37      AC:  2    Str:  8    XL:     8   Next: 33%
Magic:  0/8        EV: 21    Int: 19    God:    Gozag
Gold:   208        SH:  0    Dex: 17    Spells: 7/7 levels left
                                        Lives:  0   Deaths: 2

rFire   + .          .
                       - Unarmed
rCold   + + .        (shield unavailable)
rNeg    . . .        (body armour unavailable)
rPois   +            (helmet unavailable)
rElec   .            (cloak unavailable)
rCorr   .            (gloves unavailable)
SInv    +            (boots unavailable)
Will    .....        i - amulet of Hoisusse {Spirit Rampage rF+ rC+ Will-}
Stlth   +++          u - ring of Hopat {rPois rC+ Int+5}
HPRegen 0.26/turn    (no ring)
MPRegen 0.11/turn

%: guardian spirit, rampage
@: mighty, gold aura, quick
A: very small, claws 1, fangs 3, see invisible, speed 1, shaggy fur 2, stealthy
paws, no weapons or thrown items, no armour, multi-lived, low MP 1, sense
surroundings 1, MP-powered wands
a: Renounce Religion, Potion Petition, Call Merchant, Bribe Branch


You were on level 5 of the Dungeon.
You worshipped Gozag.
Gozag was aware of your devotion.
You visited 1 branch of the dungeon, and saw 6 of its levels.
You also visited: Sewer.

You collected 1018 gold pieces.
You spent 256 gold pieces at shops.
You paid 554 gold pieces to Gozag.

Inventory:

Armour
 w - a +1 robe of positive energy
Jewellery
 i - the amulet of Hoisusse (around neck) {Spirit Rampage rF+ rC+ Will-}
   (You found it on level 2 of the Dungeon)

   [amulet of guardian spirit]

   Spirit:    It causes incoming damage to be divided between your reserves of
   health and magic.
   rF+:       It protects you from fire.
   rC+:       It protects you from cold.
   Will-:     It decreases your willpower.
   Rampage:   It bestows one free step when moving towards enemies.
 l - an amulet of reflection
 u - the ring of Hopat (left paw) {rPois rC+ Int+5}
   (You bought it in a shop on level 4 of the Dungeon)

   [ring of poison resistance]

   Int+5:     It affects your intelligence (+5).
   rC+:       It protects you from cold.
   rPois:     It protects you from poison
Talismans
 c - a blade talisman
Wands
 q - a wand of polymorph (5)
Scrolls
 b - 3 scrolls of identify {unknown}
 e - a scroll of poison {unknown}
 f - 3 scrolls of blinking {unknown}
 h - a scroll of amnesia
 j - a scroll of enchant weapon {unknown}
 m - 2 scrolls of vulnerability {unknown}
 p - 3 scrolls of revelation
 s - 2 scrolls of teleportation {unknown}
 t - a scroll of acquirement {unknown}
 v - a scroll of summoning {unknown}
Potions
 a - a potion of attraction
 d - a potion of brilliance
 g - 2 potions of mutation
 k - a potion of might
 n - 2 potions of invisibility {unknown}
 o - a potion of resistance {unknown}
 r - 2 potions of heal wounds {unknown}
 x - a potion of lignification {unknown}


   Skills:
 - Level 5.2 Fighting
 - Level 6.5 Dodging
 - Level 5.8 Stealth
 - Level 6.8 Unarmed Combat
 * Level 2.6 Shapeshifting


You had 7 spell levels left.
You didn't know any spells.
Your spell library contained the following spells:

 Spells                   Type           Power      Damage    Failure   Level
 Frozen Ramparts          Ice            0%         1d1       52%         3
 Petrify                  Tmut/Erth      0%         N/A       90%         4
 Metabolic Englaciation   Hex/Ice        0%         N/A       99%         5


Dungeon Overview and Level Annotations

Branches:
Dungeon (6/15)              Sewer (visited)
 Temple: D:4-7

Altars:
Ashenzari
Gozag
Xom

Shops:
D:4 *


Innate Abilities, Weirdness & Mutations

You have sharp claws.
You have razor-sharp teeth.
You have supernaturally acute eyesight. (SInv)
You cover ground quickly. (Speed+)
You are covered in thick fur. (AC +2)
Your paws help you pounce on unaware monsters.
You are incapable of wielding weapons or throwing items.
You cannot wear armour.
You gain extra lives every three experience levels.
Your magical capacity is low. (-10% MP)
You passively map a small area around you.
You expend magic power (3 MP) to strengthen your wands.


Message History

You rampage towards the gnoll sergeant!
The gnoll sergeant blocks your attack.
The gnoll sergeant is distracted by your dazzling golden aura.
You catch the helpless gnoll sergeant completely off-guard!
You claw the gnoll sergeant!
The gnoll sergeant is no longer distracted by gold.
The gnoll sergeant is heavily wounded.
The gnoll sergeant hits you with a +6 trident of venom!!
* * * LOW HITPOINT WARNING * * *
You are too injured to fight recklessly!
You are too injured to fight recklessly!
You are too injured to fight recklessly!
You are too injured to fight recklessly!
You are too injured to fight recklessly!
You are too injured to fight recklessly!
You are too injured to fight recklessly!
You are too injured to fight recklessly!
You are too injured to fight recklessly!
You are too injured to fight recklessly!
You are too injured to fight recklessly!
You are too injured to fight recklessly!
You are too injured to fight recklessly!
You are too injured to fight recklessly!
You are too injured to fight recklessly!
You are too injured to fight recklessly!
You are too injured to fight recklessly!
You are too injured to fight recklessly!
You are too injured to fight recklessly!
You are too injured to fight recklessly!
You are too injured to fight recklessly!
You are too injured to fight recklessly!
You are too injured to fight recklessly!
You are too injured to fight recklessly!
You are too injured to fight recklessly!
You are too injured to fight recklessly!
You are too injured to fight recklessly!
It was a potion of might.
You feel very mighty all of a sudden.
The gnoll sergeant hits you with a +6 trident of venom!
You die...
Your body crumbles into a pile of gold.

,*,*,*
*,,,,***,*,*,,,,,,,,,,#.#.
,*,*,* *,,,,*
#.*,***********#.#. ,*,*,*
*,..,* #.,,* #.#. ,*,*,*
*,...* #..,* #.#) ,*,*,*
*,...###..>* #.#. ,,,*,*
*,,,.....########* #.##
****,* **,,,#...........*
#.# *,* ****#...g.......*
#.# *,* #...@$......* #.#
*,* #....$...(..* #.# *,*
#...........* #.# *,*
#...........* #.##
*,*#######...........*
#...
*,*#.................*
####
*,*#.#####...........*
*,*#.# ############*
****,*#.#


You could see a gnoll sergeant.

Vanquished Creatures
  Eustachio (D:4)
  Duvessa (D:4)
  2 black bears
  A phantom (D:5)
  Blork the orc (D:5)
  3 scorpions
  Dowan (D:4)
  A jelly (D:4)
  2 hounds (D:5)
  Natasha (thrice) (D:3)
  Robin (D:4)
  10 gnolls
  10 adders
  4 river rats
  6 worms
  7 dart slugs
  10 orcs
  7 endoplasms
  4 giant cockroaches
  19 goblins
  7 hobgoblins
  3 jackals
  2 quokkas
  8 ball pythons
  4 bats (D:1)
  6 frilled lizards
  17 kobolds
  4 rats
145 creatures vanquished.

Notes
Turn   | Place    | Note
-------+----------+-------------------------------------------
     0 | D:1      | melmu the Felid Chaos Knight began the quest for the Orb.
     0 | D:1      | Reached XP level 1. HP: 10/10 MP: 2/2
    13 | D:1      | XOM: silly message
    13 | D:1      | XOM: butterfly on damage
   127 | D:1      | XOM: silly message
   169 | D:2      | XOM: divination: detect items
   206 | D:1      | Found a faded altar of an unknown god.
   258 | D:1      | XOM: smoke on damage
   270 | D:1      | Prayed at the altar of an unknown god.
   270 | D:1      | Fell from the grace of Xom
   270 | D:1      | Became a worshipper of Gozag Ym Sagoz the Greedy
   308 | D:1      | Reached XP level 2. HP: 14/14 MP: 3/3
   361 | D:1      | Reached skill level 1 in Stealth
   702 | D:1      | XOM: god gift: wand of iceblast (6)
   749 | D:1      | XOM: cloud trail
   778 | D:1      | Reached XP level 3. HP: 17/17 MP: 4/4
  1166 | D:2      | XOM: give mutations
  1166 | D:2      | Gained mutation: You are agile. (Dex +4, Str/Int -1) [Xom's
                  | mischief]
  1166 | D:2      | Gained mutation: You have a pair of small horns on your
                  | head. [Xom's mischief]
  1365 | D:2      | XOM: polymorph kobold -> river rat
  1595 | D:2      | Reached XP level 4. HP: 21/21 MP: 5/5
  1851 | D:2      | Identified the amulet of Hoisusse {Spirit Rampage rF+ rC+
                  | Will-}
  2088 | D:3      | Noticed Natasha
  2091 | D:3      | Reached XP level 5. HP: 17/25 MP: 3/6
  2095 | D:3      | XOM: confusion
  2122 | D:3      | Killed Natasha
  2161 | D:3      | Noticed Natasha
  2174 | D:3      | Killed Natasha
  2237 | D:3      | Noticed Natasha
  2242 | D:3      | Killed Natasha
  2701 | D:3      | XOM: draining
  2763 | D:4      | Noticed Eustachio
  2771 | D:4      | Killed Eustachio
  2772 | D:4      | Reached skill level 5 in Dodging
  2772 | D:4      | Reached skill level 5 in Unarmed Combat
  2772 | D:4      | Gained mutation: You are covered in thick fur. (AC +2)
                  | [Felid growth]
  2772 | D:4      | Reached XP level 6. HP: 23/28 MP: 7/7
  3113 | D:4      | Reached XP level 7. HP: 33/33 MP: 8/8
  3122 | D:4      | Found a glowing drain.
  3131 | Sewer    | Entered a sewer
  3334 | Sewer    | XOM: noise
  3642 | D:4      | Noticed Robin
  4095 | D:4      | Killed Robin
  4155 | D:4      | Noticed Duvessa
  4155 | D:4      | Noticed Dowan
  4177 | D:4      | Killed Duvessa
  4178 | D:4      | Reached skill level 5 in Stealth
  4186 | D:4      | Killed Dowan
  4327 | D:4      | Found a broken altar of Ashenzari.
  4392 | D:4      | XOM: stat loss: -2 Int (11/13)
  4845 | D:4      | Bought a smoking marble ring for 120 gold pieces
  4845 | D:4      | Identified the ring of Hopat {rPois rC+ Int+5} (You bought
                  | it in a shop on level 4 of the Dungeon)
  4846 | D:4      | Bought a scroll labelled CAKISA YNUB for 24 gold pieces
  4846 | D:4      | Bought a scroll labelled VOCKAMP ZOCUE for 24 gold pieces
  4846 | D:4      | Bought an embroidered robe for 88 gold pieces
  4866 | D:5      | Entered Level 5 of the Dungeon
  4970 | D:5      | Found a shimmering altar of Xom.
  4984 | D:5      | Reached skill level 5 in Fighting
  5130 | D:5      | Reached XP level 8. HP: 37/37 MP: 9/9
  5738 | D:5      | Slain by a gnoll sergeant
  5760 | D:5      | Lost mutation: You have a pair of small horns on your head.
                  | [potion of mutation]
  5760 | D:5      | Lost mutation: You are agile. (Dex +4, Str/Int -1) [potion
                  | of mutation]
  5760 | D:5      | Gained mutation: You expend magic power (3 MP) to
                  | strengthen your wands. [potion of mutation]
  5760 | D:5      | Gained mutation: Your magical capacity is low. (-10% MP)
                  | [potion of mutation]
  5760 | D:5      | Gained mutation: You passively map a small area around you.
                  | [potion of mutation]
  5760 | D:5      | Succumbed to a gnoll sergeant's poison
  5848 | D:5      | Noticed Blork the orc
  5850 | D:5      | Killed Blork the orc
  5851 | D:5      | Reached skill level 1 in Shapeshifting
  6265 | D:5      | Mangled by a gnoll sergeant

Illustrated notes

Levels and vault maps discovered:
D:1:      dpeg_arrival_connections, layout_loops_cross, basic_ecumenical_altar
D:2:      layout_loops_ring, serial_forest, infiniplex_forest_lined_corner,
          infiniplex_forest_straight_2, infiniplex_forest_clump_C,
          infiniplex_forest_end_1, infiniplex_forest_end_2,
          infiniplex_forest_straight_4, infiniplex_forest_side_room
D:3:      layout_rooms, minmay_quantized, uniq_natasha
D:4:      layout_layer_cave, mainiacjoe_overflow_small_starburst, serial_glass,
          glass_columns_b, glass_columns_c, lightli_sewer_entry_pipes,
          uniq_eustachio, uniq_robin, uniq_duvessa
D:5:      layout_basic, lemuel_tele_altar, uniq_blork_the_orc
D:6:      minmay_angry_zag, layout_loops_cross, minmay_temple_entry_offerings,
          serial_shops, shop, ebering_ghost_reflecting_pool

Skill      XL: |  1  2  3  4  5  6  7  8 |
---------------+-------------------------+-----
Stealth        | 1 2 3 4 5 |  5.8
Dodging        | 4 5 6 |  6.5
Unarmed Combat | 4 5 6 |  6.8
Fighting       | 4 5 |  5.2
Shapeshifting  | 2 |  2.6

Action                     |  1- 3 |  4- 6 |  7- 9 || total
---------------------------+-------+-------+-------++-------
  Melee: Unarmed           |   164 |   140 |   219 ||   523
         Bite              |    28 |    19 |    34 ||    81
         Headbutt          |    38 |    23 |    31 ||    92
         Punch             |     7 |     2 |     8 ||    17
 Invoke: Call Merchant     |       |       |     1 ||     1
  Evoke: Wand              |     1 |     4 |     1 ||     6
    Use: Scroll            |     1 |       |     3 ||     4
         Potion            |       |       |     8 ||     8
   Stab: Sleeping          |     2 |     8 |    10 ||    20
         Distracted        |       |     2 |     3 ||     5
 Armour: Skin              |    23 |    26 |    89 ||   138
  Dodge: Dodged            |    53 |   106 |   199 ||   358

Table legend: (Time is in decaauts)
 A = Elapsed time spent in this place.
 B = Non-inter-level travel time spent in this place.
 C = Inter-level travel time spent in this place.
 D = Time resting spent in this place.
 E = Time spent auto-exploring this place.
 F = Levels seen in this place.
 G = Mean time per level.
                   A        B        C        D        E       F      G
               +--------+--------+--------+--------+--------+-----+--------+
         Total |   5424 |   5340 |     84 |     77 |   4056 |   7 |  774.9 |
       Dungeon |   5017 |   4933 |     84 |     76 |   3797 |   6 |  836.2 |
         Sewer |    407 |    407 |      0 |      1 |    259 |   1 |  407.0 |
               +--------+--------+--------+--------+--------+-----+--------+

Top non-repeatable levels by time:
     D:4: 1315 daAuts
     D:5: 1168 daAuts
     D:2: 931 daAuts
     D:1: 816 daAuts
     D:3: 775 daAuts
   Sewer: 407 daAuts
     D:6: 8 daAuts
